 Dungeon Crawl Stone Soup version 0.29.1-1-gd02db6906a (webtiles) character file.

Game seed: 5980375005301653583

18 Glamhuggeren the Ducker (level 2, -6/23 HPs)
             Began as a Demonspawn Gladiator on Oct 7, 2022.
             Mangled by Terence
             ... wielding a +0 flail
              (8 damage)
             ... on level 2 of the Dungeon.
             The game lasted 00:02:35 (1259 turns).

Glamhuggeren the Ducker (Demonspawn Gladiator)      Turns: 1259, Time: 00:02:37

Health: -6/23      AC:  4    Str: 14    XL:     2   Next: 51%
Magic:  2/2        EV: 12    Int:  9    God:
Gold:   41         SH:  0    Dex: 14    Spells: 1/1 levels left

rFire   . . .      SeeInvis .   a - +0 war axe
rCold   . . .      Faith    .   (no shield)
rNeg    . . .      Spirit   .   b - +0 leather armour
rPois   .          Reflect  .   c - +0 helmet
rElec   .          Harm     .   (no cloak)
rCorr   .          Rampage  .   (no gloves)
Will    .....                   (no boots)
Stlth   +.........              (no amulet)
HPRegen 0.07/turn               (no ring)
MPRegen 0.08/turn               (no ring)

@: no status effects
A: demonic guardian 1
a: no special abilities


You were on level 2 of the Dungeon.
You visited 1 branch of the dungeon, and saw 2 of its levels.

You collected 41 gold pieces.

Inventory:

Hand Weapons
 a - a +0 war axe (weapon)
Missiles
 e - a javelin (quivered)
 f - 7 stones
Armour
 b - a +0 leather armour (worn)
 c - a +0 helmet (worn)
Magical Staves
 h - a staff of cold
Scrolls
 g - a scroll of enchant armour {unknown}
 i - 3 scrolls of enchant weapon {unknown}
 j - a scroll of fog {unknown}
 k - a scroll of teleportation {unknown}


   Skills:
 * Level 2.6 Fighting
 - Level 2.8 Axes
 - Level 2.0 Throwing
 + Level 2.9 Dodging


You had one spell level left.
You didn't know any spells.
Your spell library contained the following spells:

 Spells                   Type           Power      Damage    Failure   Level
 Magic Dart               Conj           0%         1d3       45%         1


Dungeon Overview and Level Annotations

Branches:
Dungeon (2/15)

Altars:

Shops:
D:1 =

Annotations:
D:2 Terence


Innate Abilities, Weirdness & Mutations

A weak demonic guardian rushes to your aid.


Message History

Terence struggles against the net.
You hit Terence but do no damage.
Terence is moderately wounded.
Terence struggles against the net.
The net rips apart, and Terence comes free!
You hit Terence.
Terence is heavily wounded.
Terence barely misses you. Terence closely misses you.
You closely miss Terence.
Terence is heavily wounded.
Terence hits you with a +0 flail!
You closely miss Terence.
Terence is heavily wounded.
Terence hits you with a +0 flail.
You hit Terence.
Terence is heavily wounded.
Terence barely misses you. Terence completely misses you.
You closely miss Terence.
Terence is heavily wounded.
Terence misses you.
You hit Terence.
Terence is severely wounded.
Terence misses you. Terence hits you with a +0 flail.
* * * LOW HITPOINT WARNING * * *
A demonic guardian appears!
You hit Terence but do no damage.
Terence is severely wounded.
Terence hits you with a +0 flail.
* * * LOW HITPOINT WARNING * * *
Your shadow imp hits Terence.
You hit Terence but do no damage.
Terence is severely wounded.
Terence barely misses you.
Your shadow imp closely misses Terence.
You barely miss Terence.
Terence is severely wounded.
Terence hits you with a +0 flail.
* * * LOW HITPOINT WARNING * * *
Your shadow imp hits Terence but does no damage.
Terence hits you with a +0 flail!
You die...

#.....r#
#.@.... #..K..
#.... #...#
#.#######
#(.)..5.#
#######@##
.......@.#
.........#
.........#####
#######......#
######.# #.#
#.# #.# #.#


You could see Terence (ally target) and a friendly shadow imp (summoned).

Vanquished Creatures
  4 endoplasms (D:1)
  4 goblins (D:1)
  A quokka (D:1)
  2 ball pythons (D:1)
  2 bats (D:1)
  3 kobolds
16 creatures vanquished.

Notes
Turn   | Place    | Note
-------+----------+-------------------------------------------
     0 | D:1      | Glamhuggeren the Demonspawn Gladiator began the quest for
                  | the Orb.
     0 | D:1      | Reached XP level 1. HP: 16/16 MP: 1/1
    33 | D:1      | Found a faded altar of an unknown god.
   128 | D:1      | Got Plato's Octavo of Battling
   406 | D:1      | Gained mutation: A weak demonic guardian rushes to your
                  | aid. [demonic ancestry]
   406 | D:1      | Reached XP level 2. HP: 7/22 MP: 2/2
   863 | D:1      | Found Obebibb's One-of-a-Kind Rings.
  1232 | D:2      | Noticed Terence
  1259 | D:2      | Mangled by Terence

Illustrated notes

Levels and vault maps discovered:
D:1:      saegor_arrival_simple_e, layout_loops_corners,
          shapermc_ecumenical_altar_rom_forum, nicolae_shop_unique_rings
D:2:      layout_basic, uniq_terence

Skill      XL: |  1  2 |
---------------+-------+-----
Throwing       | 2 |  2.0
Fighting       | |  2.6
Axes           | |  2.8
Dodging        | |  2.9

Action                   || total
-------------------------++-------
Melee: War axe           ||    50
Throw: Throwing net      ||     3
 Stab: Held in net/web   ||     1
       Sleeping          ||     1
Armor: Leather armour    ||    11
Dodge: Dodged            ||    43
